 Dungeon Crawl Stone Soup version 0.13-a0-2676-gd993d8a (webtiles) character file.

1666 4tharraofdagon the Firebug (level 8, -3/41 HPs)
             Began as a Gargoyle Fire Elementalist on Aug 12, 2013.
             Was a Follower of Sif Muna.
             Killed from afar by a fire drake (21 damage)
             ... with a blast of flame
             ... on Level 8 of the Dungeon.
             The game lasted 00:13:48 (2039 turns).

4tharraofdagon the Firebug (GrFE)                   Turns: 2039, Time: 00:13:49

HP  -3/41        AC 10     Str 11      XL: 8   Next: 85%
MP  12/18        EV 10     Int 19      God: Sif Muna [*.....]
Gold 136         SH  0     Dex 10      Spells:  3 memorised,  7 levels left

Res.Fire  : . . .   See Invis. : .   C - +5,+2 short sword (elec)
Res.Cold  : . . .   Warding    : .   y - +0 orc leather armour
Life Prot.: + . .   Conserve   : .   (no shield)
Res.Poison: +       Res.Corr.  : .   (no helmet)
Res.Elec. : +       Clarity    : .   D - +0 cloak
Sust.Abil.: . .     Spirit.Shd : .   (no gloves)
Res.Mut.  : .       Stasis     : .   e - +2 pair of boots
Res.Rott. : +       Flight     : .   (no amulet)
Saprovore : . . .                    (no ring)
                                     (no ring)

@: hasted, very quick, slightly resistant to hostile enchantments, unstealthy
A: fangs 1, talons 2, berserk 1, deformed body, life protection 1, electricity
resistance, slow metabolism 1, unbreathing, petrification resistance, AC +5
a: Channel Energy, Renounce Religion


You were on level 8 of the Dungeon.
You worshipped Sif Muna.
Sif Muna was most pleased with you.
You were not hungry.

You visited 2 branches of the dungeon, and saw 9 of its levels.

You collected 116 gold pieces.

Inventory:

Hand weapons
 d - a +0,+0 orcish dagger of venom (quivered)
 p - a +0,+0 orcish falchion of distortion
 s - a +3,+3 orcish flail of draining
 C - a +5,+2 short sword of electrocution (weapon)
Missiles
 n - 7 curare-tipped needles
Armour
 a - a +0 robe
 e - a +2 pair of boots (worn)
 y - a +0 orcish leather armour (worn)
 D - a +0 cloak (worn)
Magical devices
 i - a wand of digging (17) {unknown}
Comestibles
 c - 4 bread rations
 q - a meat ration
 v - a lychee
 w - 2 rotting chunks of orc flesh
 B - 2 apples
Scrolls
 f - a scroll of blinking {unknown}
 h - 2 scrolls of noise {unknown}
 j - a scroll of remove curse {unknown}
 k - a scroll of identify {unknown}
 l - a scroll of magic mapping {unknown}
 o - 3 scrolls of curse armour {unknown}
 u - a scroll of random uselessness {unknown}
 A - 3 scrolls of teleportation {unknown}
Jewellery
 g - an uncursed amulet of warding {unknown}
Potions
 m - a potion of blood {unknown}
 r - a potion of poison {unknown}
 t - a potion of speed
 x - a potion of slowing {unknown}
 z - a potion of resistance {unknown}
Books
 b - a book of Flames

   Spells                             Type                      Level
   *Flame Tongue                      Conjuration/Fire             1
   Throw Flame                        Conjuration/Fire             2
   *Conjure Flame                     Conjuration/Fire             3
   Inner Flame                        Hexes/Fire                   3
   *Sticky Flame                      Conjuration/Fire             4
   Fireball                           Conjuration/Fire             5


   Skills:
 - Level 1.5 Dodging
 - Level 2.1 Stealth
 + Level 4.2 Spellcasting
 + Level 6.7 Conjurations
 + Level 6.9 Fire Magic
 * Level 4.1 Invocations


You had 7 spell levels left.
You knew the following spells:

 Your Spells              Type           Power        Failure   Level  Hunger
a - Flame Tongue          Conj/Fire      ####.        1%          1    None
b - Conjure Flame         Conj/Fire      ####....     2%          3    ###....
c - Sticky Flame          Conj/Fire      ####....     12%         4    ####...


Dungeon Overview and Level Annotations

Branches:
Dungeon (8/27)             Temple (1/1) D:5            Lair (0/8) D:8
    Orc: D:6-11

Altars:
Ashenzari
Cheibriados
Elyvilon
Fedhas
Kikubaaqudgha
Okawaru
Sif Muna
Trog
Xom

Shops:
D:5: *


Innate Abilities, Weirdness & Mutations

You are resistant to torment.
You are immune to poison.
Your stone body is very resilient (AC +5).
You have very sharp teeth.
You have razor-sharp toenails.
You resist negative energy.
You are resistant to electric shocks.
You have a slow metabolism.
You can survive without breathing.
You are immune to petrification.
You tend to lose your temper in combat.
Armour fits poorly on your strangely shaped body.


Message History

Unknown command.
Unknown command.
Unknown command.
Read which item? (? for menu, Esc to quit)
Okay, then.
Drink which item? (? for menu, Esc to quit)
You feel yourself speed up.
It was a potion of speed.
The ogre barely misses you.
Unknown command.
Casting: Flame Tongue
Confirm with . or Enter, or press ? or * to list all spells.
Aiming: Sticky Flame
Press: ? - help, Shift-Dir - straight line, f - fire drake
Aim: a fire drake (lava)
Okay, then.
Unknown command.
The fire drake breathes fire at you. The blast of flame hits you!
Ouch! That really hurt!
You die...

.....###..................#
..... #...5..............#
... ###.......)..........#
.. ..............)......# .
....§.§..............#
.....§{§.............#
!.§§≈≈.≈O...........#
.≈§≈§.≈≈l...........
.≈≈.>§§≈..@........
≈≈..≈§≈§.........#
≈§≈§≈≈..........#
§§§≈..§.......##
§§..........## ..........##
........## .....)## ..#


You could see a fire drake and an ogre.

Vanquished Creatures
  Maurice (D:8)
  Grinder (D:3)
  Prince Ribbit (D:5)
  An ice beast (D:8)
  A sky beast (D:7)
  A centaur (D:5)
  A water moccasin (D:5)
  A giant frog (D:6)
  A goliath beetle (D:8)
  An orc priest (D:8)
  An iguana (D:5)
  An orc wizard (D:3)
  3 worker ants
  A scorpion (D:4)
  A jelly (D:6)
  An adder (D:2)
  6 gnolls (D:5)
  2 giant mites
  An inept feature mimic (D:8)
  A scorpion zombie (D:6)
  An adder skeleton (D:6)
  An ooze (D:5)
  14 orcs
  2 ball pythons
  5 bats
  2 giant cockroaches
  2 hobgoblins
  4 giant newts
  A gnoll skeleton (D:5)
  6 goblins
  8 kobolds
  2 quokkas (D:3)
  3 rats
79 creatures vanquished.

Notes
Turn   | Place    | Note
--------------------------------------------------------------
     0 | D:1      | 4tharraofdagon, the Gargoyle Fire Elementalist, began the quest for the Orb.
     0 | D:1      | Reached XP level 1. HP: 10/10 MP: 3/3
    72 | D:2      | Reached XP level 2. HP: 9/15 MP: 1/4
   148 | D:2      | Reached XP level 3. HP: 7/19 MP: 5/5
   158 | D:2      | Learned a level 3 spell: Conjure Flame
   321 | D:3      | Noticed Grinder
   338 | D:3      | Killed Grinder
   338 | D:3      | Reached skill level 4 in Conjurations
   338 | D:3      | Reached XP level 4. HP: 16/24 MP: 2/8
   338 | D:3      | Reached XP level 5. HP: 18/28 MP: 2/9
   338 | D:3      | Reached XP level 6. HP: 20/32 MP: 2/11
   344 | D:3      | Learned a level 4 spell: Sticky Flame
   517 | D:3      | Reached skill level 5 in Fire Magic
   603 | D:3      | Gained mutation: Armour fits poorly on your strangely shaped body. [mutagenic glow]
   643 | D:3      | Gained mutation: You tend to lose your temper in combat. [mutagenic glow]
   884 | D:5      | Entered Level 5 of the Dungeon
   889 | D:5      | Found a snail-covered altar of Cheibriados.
   889 | D:5      | Reached XP level 7. HP: 20/36 MP: 6/13
   894 | D:5      | Found a staircase to the Ecumenical Temple.
   958 | D:5      | Turgon: No DgFE any longer?
   968 | D:5      | 4tharraofdagon: i have one in czo
   973 | D:5      | Noticed Prince Ribbit
   974 | Temple   | Entered the Ecumenical Temple
   987 | Temple   | Turgon: What about him?
  1006 | Temple   | Became a worshipper of Sif Muna the Loreminder
  1007 | Temple   | 4tharraofdagon: hes in orc
  1007 | Temple   | 4tharraofdagon: got bored
  1045 | D:5      | Killed Prince Ribbit
  1045 | D:5      | Reached skill level 5 in Conjurations
  1045 | D:5      | Reached skill level 6 in Fire Magic
  1067 | D:5      | Turgon: Problem with Dg is that they'll need pan/zig scumming imo
  1086 | D:5      | 4tharraofdagon: yea
  1086 | D:5      | Turgon: As I do with my DgAs actually too
  1086 | D:5      | 4tharraofdagon: they exp slowly,pure apts and no items
  1188 | D:5      | Found Mniclurph's Serpentskin Sales.
  1189 | D:5      | Turgon: With items, XL, XP and skills they become strong
  1197 | D:5      | Turgon: Strong enough for hell and tomb
  1322 | D:6      | Turgon: But I don't know how it should be possible to keep < 100 k turns
  1334 | D:6      | Acquired Sif Muna's first power
  1334 | D:6      | Reached XP level 8. HP: 20/41 MP: 8/16
  1404 | D:6      | Found a white marble altar of Elyvilon.
  1422 | D:6      | 4tharraofdagon: it all depends what you find
  1431 | D:6      | Turgon: In my actual game I need one ringslot for sInv! I still have a +1 helmet
  1452 | D:6      | Turgon: And I got all the pan runes and did one zig up to 12
  1481 | D:6      | 4tharraofdagon: they already should have some perm instricts imo
  1481 | D:6      | Turgon: Their counterparts - Ds - have them. And they are able to choose a god.
  1481 | D:6      | 4tharraofdagon: ii mean they dont possess any divine powers so why should we call them demigods
  1481 | D:6      | Turgon: :-)
  1532 | D:6      | Turgon: Because you are a demigod if you are able to win one :-)
  1636 | D:7      | Reached skill level 1 in Invocations
  1711 | D:8      | Turgon: At least I can run around and look for a zig or enchW scrolls (for trove item)
  1920 | D:8      | Found a shimmering altar of Xom.
  1953 | D:8      | Noticed Maurice
  1970 | D:8      | Killed Maurice
  2032 | D:8      | Found a staircase to the Lair.
  2032 | D:8      | Noticed a fire drake
  2037 | D:8      | Turgon: Am I right that evocables are overpowered in trunk? Saw somebody killing TRJ only with a few evocables
  2037 | D:8      | 4tharraofdagon: which ones
  2039 | D:8      | Killed from afar by a fire drake

Action                   |  1- 3 |  4- 6 |  7- 9 || total
-------------------------+-------+-------+-------++-------
Melee: Dagger            |    47 |    57 |    47 ||   151
 Cast: Flame Tongue      |     3 |    15 |    39 ||    57
       Conjure Flame     |     1 |       |     5 ||     6
       Sticky Flame      |       |     2 |    12 ||    14
  Use: Potion            |     1 |     1 |     2 ||     4
 Stab: Sleeping          |     1 |     1 |       ||     2
